 Dungeon Crawl Stone Soup version 0.32-a0-841-g4648e6c457 (webtiles) character file.

Game seed: 5491365920547143032

12 Shayle the Apothecary (level 2, 0/19 HPs)
             Began as a Coglin Alchemist on Mar 26, 2024.
             Slain by a kobold
             ... wielding a +0 whip
              (2 damage)
             ... on level 1 of the Dungeon.
             The game lasted 00:01:45 (286 turns).

Shayle the Apothecary (Coglin Alchemist)             Turns: 286, Time: 00:01:46

Health: 0/19       AC:  2    Str:  8    XL:     2   Next: 33%
Magic:  3/4        EV: 11    Int: 14    God:
Gold:   8          SH:  0    Dex: 14    Spells: 3/4 levels left

rFire   . . .        c - +0 dagger {Chaewon}
rCold   . . .        (no shield)
rNeg    . . .        a - +0 robe
rPois   .            (no helmet)
rElec   .            (no cloak)
rCorr   .            (no gloves)
SInv    .            (no boots)
Will    .....        (amulet unavailable)
Stlth   ++           (ring unavailable)
HPRegen 0.23/turn    (ring unavailable)
MPRegen 0.09/turn    (no gizmo)

%: no passive effects
@: revving
A: off-hand wielding, slow wielding, warmup strikes, no jewellery
a: Invent Gizmo


You were on level 1 of the Dungeon.
You visited 1 branch of the dungeon, and saw 1 of its levels.

You collected 8 gold pieces.

Inventory:

Hand Weapons
 c - a +0 dagger (weapon) {Chaewon}
Armour
 a - a +0 robe (worn)


   Skills:
 + Level 2.6 Dodging
 - Level 1.5 Stealth
 - Level 1.7 Spellcasting
 - Level 0.8 Conjurations
 - Level 3.2 Alchemy


You had 3 spell levels left.
You knew the following spells:

 Your Spells              Type           Power      Damage    Failure   Level
a - Sting                 Conj/Alch      28%        1d4       11%         1

Your spell library contained the following spells:

 Spells                   Type           Power      Damage    Failure   Level
 Mercury Vapours          Alch/Air       10%        N/A       19%         2
 Mephitic Cloud           Conj/Alch/Air  5%         N/A       38%         3
 Olgreb's Toxic Radiance  Alch           10%        N/A       54%         4
 Sticky Flame             Fire/Alch      5%         2d4       77%         4


Dungeon Overview and Level Annotations

Branches:
Dungeon (1/15)

Altars:


Innate Abilities, Weirdness & Mutations

You can wield a second weapon in your off-hand.
It takes a long time for you to wield or remove held weapons.
Your first few attacks do less damage.
You cannot equip rings or amulets.


Message History

Your magical contamination has completely faded away.
Casting: Sting (safe; 11% risk of failure)
Confirm with . or Enter, or press ? or * to list all spells.
Aiming: Sting (safe; 11% risk of failure)
Press: ? - help, Shift-Dir - straight line, f - ball python, p - ball python
Aim: a ball python (64% to hit)
The sting misses the ball python.
The ball python bites you. The ball python constricts you.
The ball python bites you.
Unknown command.
Casting: Sting (safe; 11% risk of failure)
Confirm with . or Enter, or press ? or * to list all spells.
Aiming: Sting (safe; 11% risk of failure)
Press: ? - help, Shift-Dir - straight line, f/p - ball python
Aim: a ball python (64% to hit)
The sting hits the ball python.
The ball python is poisoned.
The ball python is severely wounded.
You kill the ball python! x2
The bat hits you. The bat misses you.
You hit the bat.
You kill the bat!
You hit the kobold but do no damage. The kobold closely misses you.
You hit the kobold but do no damage. The kobold hits you with a +0 whip.
* * * LOW HITPOINT WARNING * * *
Casting: Sting (safe; 11% risk of failure)
Confirm with . or Enter, or press ? or * to list all spells.
Aiming: Sting (safe; 11% risk of failure)
Press: ? - help, Shift-Dir - straight line, f - kobold
Aim: a kobold, wielding a +0 whip and quivering stones (60% to hit)
The sting misses the kobold.
The kobold hits you but does no damage.
You closely miss the kobold. The kobold hits you with a +0 whip.
* * * LOW HITPOINT WARNING * * *
Magic courses through your body. The kobold hits you with a +0 whip.
* * * LOW HITPOINT WARNING * * *
Casting: Sting (safe; 11% risk of failure)
Confirm with . or Enter, or press ? or * to list all spells.
Aiming: Sting (safe; 11% risk of failure)
Press: ? - help, Shift-Dir - straight line, f/p - kobold
Aim: a kobold, wielding a +0 whip and quivering stones (60% to hit)
The sting misses the kobold.
The kobold hits you with a +0 whip.
You die...

#.....# #... K.
##.....###K##.#.#
#..).....b....#.#
##.....###.####.#
#.....###.## #.#
#.#.#......# #.#
#......B.#.###.#
........K###.##.###
###..#####@#.......#
#..######†.###.#.#
#...........# #.#.#
#...###########.#.#
#...........#
#.#####.###....# #.#
###(# #.######.#####
# #.##≈≈≈♣~♣≈≈≈≈


You could see a giant cockroach and a kobold.

Vanquished Creatures
  A bat (D:1)
  An endoplasm (D:1)
  A hobgoblin (D:1)
  3 ball pythons (D:1)
  3 frilled lizards (D:1)
  A kobold (D:1)
  3 rats (D:1)
13 creatures vanquished.

Notes
Turn   | Place    | Note
-------+----------+-------------------------------------------
     0 | D:1      | Shayle the Coglin Alchemist began the quest for the Orb.
     0 | D:1      | Reached XP level 1. HP: 13/13 MP: 3/3
   216 | D:1      | Reached XP level 2. HP: 19/19 MP: 4/4
   286 | D:1      | Slain by a kobold

Illustrated notes

Levels and vault maps discovered:
D:1:      ldierk_walled_garden, layout_loops_ring

Skill      XL: |  1 |
---------------+----+-----
Dodging        | 2 |  2.6
Stealth        | |  1.5
Spellcasting   | |  1.7
Conjurations   | |  0.8
Alchemy        | |  3.2

Action                     || total
---------------------------++-------
  Melee: Dagger            ||    20
   Cast: Sting             ||    10
    Use: Potion            ||     1
 Armour: Robe              ||    25
  Dodge: Dodged            ||    21

Table legend: (Time is in decaauts)
 A = Elapsed time spent in this place.
 B = Non-inter-level travel time spent in this place.
 C = Inter-level travel time spent in this place.
 D = Time resting spent in this place.
 E = Time spent auto-exploring this place.
 F = Levels seen in this place.
 G = Mean time per level.
                   A        B        C        D        E       F      G
               +--------+--------+--------+--------+--------+-----+--------+
         Total |    286 |    286 |      0 |      2 |    123 |   1 |  286.0 |
       Dungeon |    286 |    286 |      0 |      2 |    123 |   1 |  286.0 |
               +--------+--------+--------+--------+--------+-----+--------+

Top non-repeatable levels by time:
     D:1: 286 daAuts
